 Dungeon Crawl Stone Soup version 0.28-a0-556-gab23d0e057 (webtiles) character file.

Game seed: 1037880954179593700

2585 meatgazer the Priest (level 9, -2/82 HPs)
             Began as a Hill Orc Monk on Sept 28, 2021.
             Was a Believer of Beogh.
             Slain by an ice beast (4 damage)
             ... on level 7 of the Dungeon.
             The game lasted 00:09:24 (6888 turns).

meatgazer the Priest (Hill Orc Monk)                Turns: 6888, Time: 00:09:24

Health: -2/82      AC:  9    Str: 21    XL:     9   Next: 58%
Magic:  11/19      EV: 12    Int: 10    God:    Beogh [**....]
Gold:   45         SH:  0    Dex: 17    Spells: 8/8 levels left

rFire   + . .      SeeInvis .   i - +3 war axe (vorpal)
rCold   . . .      Faith    .   (no shield)
rNeg    . . .      Spirit   .   a - +2 leather armour {rF+}
rPois   .          Reflect  .   f - +2 helmet
rElec   .          Harm     .   (no cloak)
rCorr   .          Rampage  .   (no gloves)
Will    +....                   l - +0 pair of boots
Stlth   ++........              (no amulet)
HPRegen 0.23/turn               k - ring of Propriety {Will+ Str+6}
MPRegen 0.16/turn               (no ring)

@: no status effects
A: agile 1, deformed body
a: Renounce Religion, Smiting


You were on level 7 of the Dungeon.
You worshipped Beogh.
Beogh was pleased with you.
You visited 1 branch of the dungeon, and saw 7 of its levels.

You collected 302 gold pieces.
You spent 257 gold pieces at shops.

Inventory:

Hand Weapons
 i - a +3 vorpal war axe (weapon)
Missiles
 o - a throwing net (quivered)
Armour
 a - a +2 leather armour of fire resistance (worn)
 f - a +2 helmet (worn)
 l - a +0 pair of boots (worn)
Jewellery
 c - a ring of wizardry
 k - the ring of Propriety (left hand) {Will+ Str+6}
   (You bought it in a shop on level 6 of the Dungeon)

   [ring of strength]

   Str:       It affects your strength (+6).
   Will:      It increases your willpower.
Wands
 d - a wand of iceblast (6)
 j - a wand of flame (17)
Scrolls
 b - 2 scrolls of identify
 h - a scroll of magic mapping
Potions
 e - a potion of brilliance
 m - 2 potions of curing
 n - a potion of magic


   Skills:
 + Level 8.6 Fighting
 + Level 9.4 Axes
 + Level 8.1 Armour
 - Level 2.4 Dodging
 - Level 1.5 Stealth
 * Level 13.6 Invocations


You had 8 spell levels left.
You didn't know any spells.
Your spell library contained the following spells:

 Spells                   Type           Power      Damage    Failure   Level
 Fireball                 Conj/Fire      0%         3d3       100%        5
 Iskenderun's Battlesphe  Conj           0%         2d6       100%        5
 Conjure Ball Lightning   Conj/Air       0%         3x3d6     100%        6
 Orb of Destruction       Conj           0%         N/A       100%        7


Dungeon Overview and Level Annotations

Branches:
Dungeon (7/15)             Temple (0/1) D:5

Altars:
Ashenzari
Cheibriados
Dithmenos
Fedhas
Kikubaaqudgha
Nemelex Xobeh
Okawaru
Trog
Xom
Yredelemnul

Shops:
D:1 [   D:5 (   D:6 *!*(?


Innate Abilities, Weirdness & Mutations

You are agile. (Dex +2)
Armour fits poorly on your strangely shaped body.


Message History

The centaur unwields a +0 shortbow.
The centaur hits you but does no damage.
The centaur kicks you but does no damage.
A sky beast appears from thin air!
Reactivating autopickup.
You hit the centaur.
The centaur is severely wounded.
The sentinel's mark upon you fades away.
The centaur hits you but does no damage.
The centaur misses you.
The centaur hits you but does no damage.
The centaur kicks you but does no damage.
You hit the centaur.
The centaur is almost dead.
The centaur barely misses you. x4
You hit the centaur but do no damage.
The centaur is almost dead.
The centaur closely misses you.
The centaur kicks you but does no damage.
You slash the centaur!
You kill the centaur!
Beogh accepts your kill.
You barely miss the ice beast.
The ice beast hits you but does no damage.
You closely miss the ice beast.
The ice beast hits you but does no damage.
The sky beast flickers out of sight!
Deactivating autopickup; reactivate with Ctrl-A.
You closely miss the ice beast.
The ice beast hits you but does no damage.
You slash the ice beast!
The ice beast is moderately wounded.
The ice beast hits you.
* * * LOW HITPOINT WARNING * * *
The ice beast freezes you!
* * * LOW HITPOINT WARNING * * *
You hit the ice beast but do no damage.
The ice beast is moderately wounded.
The ice beast hits you.
You die...

**,**,,,,,*** ##..###.###.
*,,,,**,,.###* **#........<.
**,,,,,**,...####............
*,***,,***#..#...##.........
*,,***,,.,...?.###..........
**,,**,,#..##......_.....#.#
**,*#.##........_.......(.#
*,##....####.............#
**,.......@Y{5._..♣.._.....
*,,.....#####..............
*,,...,,* #..._..._......
***#,,,,* ###..._........
*,,,,* ##........... *,,,,*
##.........# ******
#.......... *,........,
*,,,,,,,,,,


You could see an ice beast and a shadow imp.

Vanquished Creatures
  Harold (D:7)
  A black bear (D:4)
  A sky beast (D:6)
  2 centaurs
  2 bullfrogs (D:7)
  A wyvern zombie (D:5)
  A scorpion (D:4)
  A wyvern skeleton (D:5)
  A killer bee (D:7)
  A water moccasin skeleton (D:4)
  A bullfrog skeleton (D:5)
  A hound (D:5)
  3 jellies
  An orc wizard (D:4)
  A howler monkey zombie (D:6)
  6 gnolls
  8 adders
  A shadow imp (D:6)
  3 white imps (D:6)
  2 ufetubi
  A worm (D:5)
  2 dart slugs
  An orc (D:4)
  4 endoplasms
  2 giant cockroaches (D:1)
  8 hobgoblins
  3 jackals (D:1)
  4 quokkas
  6 ball pythons
  10 bats
  2 frilled lizards (D:1)
  9 goblins
  6 kobolds
  6 rats
103 creatures vanquished.

Notes
Turn   | Place    | Note
-------+----------+-------------------------------------------
     0 | D:1      | meatgazer the Hill Orc Monk began the quest for the Orb.
     0 | D:1      | Reached XP level 1. HP: 19/19 MP: 1/1
    72 | D:1      | Reached XP level 2. HP: 22/27 MP: 2/2
   304 | D:1      | Reached XP level 3. HP: 4/34 MP: 3/3
   704 | D:1      | Found Arecaeck's Antique Armour Shoppe.
   922 | D:1      | Reached skill level 5 in Axes
  1596 | D:3      | Reached XP level 4. HP: 41/41 MP: 4/4
  1850 | D:3      | Found a blossoming altar of Fedhas.
  1850 | D:3      | Found an ancient bone altar of Kikubaaqudgha.
  2145 | D:3      | Reached skill level 5 in Fighting
  2155 | D:3      | Found a faded altar of an unknown god.
  2430 | D:4      | Reached XP level 5. HP: 45/48 MP: 5/5
  2885 | D:4      | Noticed a centaur
  2888 | D:4      | Became a worshipper of Beogh the Brigand
  2888 | D:4      | Reached * piety under Beogh
  2888 | D:4      | Reached ** piety under Beogh
  2890 | D:4      | Killed a centaur
  2891 | D:4      | Reached XP level 6. HP: 50/57 MP: 6/6
  3742 | D:4      | Noticed a black bear
  3750 | D:4      | Killed a black bear
  4010 | D:5      | Entered Level 5 of the Dungeon
  4088 | D:5      | Reached XP level 7. HP: 45/66 MP: 7/7
  4096 | D:5      | Found a staircase to the Ecumenical Temple.
  4459 | D:5      | Found Joymais's Antique Weapon Boutique.
  5196 | D:6      | Found Apheuh's Assorted Antiques.
  5287 | D:6      | Found Buij's Assorted Antiques.
  5292 | D:6      | Bought a scintillating jade ring for 145 gold pieces
  5292 | D:6      | Identified the ring of Propriety {Will+ Str+6} (You bought
                  | it in a shop on level 6 of the Dungeon)
  5446 | D:6      | Found Nopimmumm's Weapon Shoppe.
  5510 | D:6      | Reached XP level 8. HP: 45/74 MP: 8/8
  5645 | D:6      | Found Sujisouph's Magic Scroll Shop.
  5815 | D:6      | Found a bloodstained altar of Trog.
  6037 | D:6      | Found Tilud's Distillery.
  6067 | D:6      | Bought a potion of mutation for 112 gold pieces
  6067 | D:6      | Gained mutation: You are agile. (Dex +2) [potion of
                  | mutation]
  6067 | D:6      | Gained mutation: Armour fits poorly on your strangely
                  | shaped body. [potion of mutation]
  6068 | D:6      | Reached skill level 13 in Invocations
  6068 | D:6      | Reached XP level 9. HP: 82/82 MP: 8/18
  6839 | D:7      | Noticed Harold
  6841 | D:7      | Found a broken altar of Ashenzari.
  6845 | D:7      | Found a shadowy altar of Dithmenos.
  6845 | D:7      | Found an iron altar of Okawaru.
  6845 | D:7      | Found a basalt altar of Yredelemnul.
  6856 | D:7      | Found a sparkling altar of Nemelex Xobeh.
  6856 | D:7      | Found a shimmering altar of Xom.
  6856 | D:7      | Found a snail-covered altar of Cheibriados.
  6874 | D:7      | Killed Harold
  6887 | D:7      | HP: 2/82 [ice beast (11)]
  6888 | D:7      | Slain by an ice beast

Illustrated notes

Levels and vault maps discovered:
D:1:      lightli_arrival_boilingwater, layout_rooms, serial_shops, shop
D:2:      layout_loops_cross
D:3:      layout_rooms, grunt_temple_overflow_growth_and_decay,
          ebering_ecumenical_altar_hall
D:4:      layout_loops_ring
D:5:      layout_gridville, minmay_temple_entry_drinking_statues, serial_shops,
          shop
D:6:      layout_layer_cave, trog_book, serial_shops, nicolae_stop_n_shop_1,
          shop_statue, nicolae_shop_trees, shop_fountains,
          kennysheep_little_box, supply_closet_lemuel, minmay_misc_feat_ornament
D:7:      layout_rooms, grunt_temple_overflow_open, enter_bailey_2,
          kennysheep_potato, uniq_harold

Skill      XL: |  1  2  3  4  5  6  7  8  9 |
---------------+----------------------------+-----
Fighting       | 4 5 6 7 8 |  8.6
Axes           | 5 6 7 9 |  9.4
Armour         | 7 8 |  8.1
Invocations    | 13 | 13.6
Dodging        | |  2.4
Stealth        | |  1.5

Action                   |  1- 3 |  4- 6 |  7- 9 || total
-------------------------+-------+-------+-------++-------
Melee: Hand axe          |   115 |       |       ||   115
       War axe           |    14 |   102 |    78 ||   194
Invok: Convert to Beogh  |       |     1 |       ||     1
       Smiting           |       |       |     3 ||     3
  Use: Scroll            |       |     8 |     6 ||    14
       Potion            |       |     5 |     3 ||     8
 Stab: Sleeping          |     4 |     2 |     1 ||     7
Armor: Robe              |    44 |       |       ||    44
       Leather armour    |       |    45 |    64 ||   109
Dodge: Dodged            |    87 |    80 |    68 ||   235

Table legend: (Time is in decaauts)
 A = Elapsed time spent in this place.
 B = Non-inter-level travel time spent in this place.
 C = Inter-level travel time spent in this place.
 D = Time resting spent in this place.
 E = Time spent auto-exploring this place.
 F = Levels seen in this place.
 G = Mean time per level.
                   A        B        C        D        E       F      G
               +--------+--------+--------+--------+--------+-----+--------+
         Total |   6936 |   6769 |    167 |   2143 |   3793 |   7 |  990.9 |
       Dungeon |   6936 |   6769 |    167 |   2143 |   3793 |   7 |  990.9 |
               +--------+--------+--------+--------+--------+-----+--------+

Top non-repeatable levels by time:
     D:4: 1751 daAuts
     D:6: 1603 daAuts
     D:5: 1190 daAuts
     D:1: 992 daAuts
     D:3: 697 daAuts
     D:2: 610 daAuts
     D:7: 90 daAuts
